 Dungeon Crawl Stone Soup version 0.24-a0-459-g225fefd530 (webtiles) character file.

Game seed: 4421562936051863348

11081 Majang the Cleaver (level 11, 0/97 HPs)
             Began as a Minotaur Fighter on June 27, 2019.
             Was an Elder of Makhleb.
             Slain by an unseen horror (4 damage)
             ... on level 1 of the Abyss on June 30, 2019.
             The game lasted 01:06:34 (10600 turns).

Majang the Cleaver (Minotaur Fighter)              Turns: 10600, Time: 01:06:35

Health: 0/97       AC: 17    Str: 23    XL:     11   Next: 44%
Magic:  0/13       EV: 23    Int:  8    God:    Makhleb [****..]
Gold:   1034       SH: 11    Dex: 10    Spells: 10/10 levels left

rFire    . . .     SeeInvis .   a - +1 broad axe
rCold    . . .     Gourm    .   c - +0 shield
rNeg     . . .     Faith    .   u - +0 plate armour {MR+}
rPois    .         Spirit   +   (helmet restricted)
rElec    .         Reflect  .   m - scarf {Spirit}
rCorr    +         Harm     .   e - +1 pair of gloves
MR       +....                  y - +0 pair of boots {Stlth+}
Stlth    ..........             t - amulet of the acrobat
HPRegen  0.26/turn              z - +2 ring of intelligence
MPRegen  0.13/turn              B - ring of resist corrosion

@: acrobat, very slightly contaminated, invisible
A: retaliatory headbutt, horns 2
a: Minor Destruction, Lesser Servant of Makhleb, Major Destruction, Renounce
Religion


You were on level 1 of the Abyss.
You worshipped Makhleb.
Makhleb was greatly pleased with you.
You were not hungry.

You visited 3 branches of the dungeon, and saw 12 of its levels.
You visited the Abyss 1 time.

You collected 1246 gold pieces.
You spent 212 gold pieces at shops.

Inventory:

Hand Weapons
 a - a +1 broad axe (weapon)
 d - a +0 flail of holy wrath
 n - a +0 morningstar
 v - a +1 war axe
 E - a +0 scimitar of flaming
Missiles
 k - 2 silver boomerangs
 r - 4 atropa-tipped darts
 x - 28 boomerangs (quivered)
 H - a boomerang of dispersal
Armour
 c - a +0 shield (worn)
 e - a +1 pair of gloves (worn)
 m - a scarf of spirit shield (worn)
 u - a +0 plate armour of magic resistance (worn)
 y - a +0 pair of boots of stealth (worn)
Jewellery
 t - an amulet of the acrobat (around neck)
 z - a +2 ring of intelligence (left hand)
 B - a ring of resist corrosion (right hand)
Wands
 o - a wand of clouds (6)
 A - a wand of paralysis (14)
Scrolls
 h - 4 scrolls of identify
 l - a scroll of teleportation
 s - 4 scrolls of remove curse
Potions
 g - 2 potions of degeneration {unknown}
 i - 3 potions of haste
 p - a potion of invisibility
 q - a potion of magic {unknown}
 C - a potion of berserk rage {unknown}
 D - 3 potions of lignification
 G - a potion of flight {unknown}
Comestibles
 b - 4 chunks of flesh
 f - 6 rations


   Skills:
 + Level 9.6 Fighting
 * Level 11.7 Axes
 + Level 6.1 Throwing
 + Level 8.4 Armour
 + Level 6.7 Dodging
 + Level 8.5 Shields
 + Level 4.8 Invocations


You had 10 spell levels left.
You didn't know any spells.
Your spell library contained the following spells:

 Spells                   Type           Power        Failure   Level  Hunger
 Animate Skeleton         Necr           N/A          100%        1    ##.....
 Apportation              Tloc           #.....       100%        1    ##.....
 Confusing Touch          Hex            #.....       100%        1    ##.....
 Summon Small Mammal      Summ           #...         100%        1    ##.....
 Confuse                  Hex            #.......     100%        3    ####...
 Gell's Gravitas          Tloc           #.........   100%        3    ####...
 Petrify                  Tmut/Erth      #.......     100%        4    #####..
 Metabolic Englaciation   Hex/Ice        #.........   100%        5    ######.
 Yara's Violent Unravell  Hex/Tmut       #.........   100%        5    ######.


Dungeon Overview and Level Annotations

Branches:
Dungeon (9/15)             Temple (1/1) D:4             Orc (2/2) D:9
    Elf (0/3) Orc:2
   Lair: D:8-11

Altars:
Ashenzari
Cheibriados
Dithmenos
Elyvilon
Fedhas
Gozag
Hepliaklqana
Kikubaaqudgha
Makhleb
Nemelex Xobeh
Okawaru
Qazlal
Ru
Sif Muna
Trog
Uskayaw
Vehumet
Wu Jian
Xom
Yredelemnul
Zin
The Shining One

Shops:
D:5 (   D:6 (*   D:7 [   Orc:2 *

Annotations:
Orc:2 Sonja


Innate Abilities, Weirdness & Mutations

You reflexively headbutt those who attack you in melee.
You have a pair of horns on your head.


Message History

Something hits you but does no damage. Something closely misses you.
Something hits you but does no damage.
You closely miss something. Something hits you.
* * * LOW HITPOINT WARNING * * *
Something hits you but does no damage. Something hits you but does no damage.
Something barely misses you. Something hits you.
* * * LOW HITPOINT WARNING * * *
You closely miss something. Your headbutt misses something. Something hits you.
* * * LOW HITPOINT WARNING * * *
Okay, then.
It was a potion of invisibility.
You fade into invisibility!
Something hits you but does no damage.
You are very lightly contaminated with residual magic.
Something barely misses you. Something hits you.
You die...

### ####...#....
.#.. #.#. .#. ## ..
. #. ..#.## ... ..
.. #...#.#..# ..#
...... #.#..#.# ...#
. .... #..#...#....#
#
[......#.####..#...#
.
.....#.###..##....#
. . #...#..@#.#...#
# #.#.......#...#.
.#.............#
####.........(.#.#
#.......#..## #
##.##...#.## ..
#.#........ .. ##
.......... .
......#.##


There were no monsters in sight!

Vanquished Creatures
  Harold (D:7)
  Erica (D:7)
  An orc knight (D:9)
  The ghost of hemabe the Charlatan, a novice HuAr (D:4)
  An orc sorcerer (D:9)
  A large abomination (Abyss:1)
  Joseph (D:9)
  An ancient zyme (Abyss:1)
  2 hippogriffs
  3 yaks (D:9)
  A wyvern (D:8)
  2 hungry ghosts (D:9)
  2 wargs
  An acid dragon (D:7)
  A two-headed ogre zombie (D:9)
  Duvessa (D:4)
  A hornet zombie (D:7)
  A black bear (D:9)
  10 orc warriors
  3 sky beasts
  2 phantoms
  3 ice beasts
  A necrophage (D:9)
  4 ogres
  6 centaurs
  4 bullfrogs
  A wyvern zombie (D:8)
  Dowan (D:4)
  3 scorpions
  2 troll zombies (D:9)
  3 wights (D:7)
  A howler monkey (D:9)
  A bullfrog zombie (D:5)
  3 crimson imps
  4 hounds
  4 jellies
  21 orc priests
  A centaur skeleton (D:7)
  A bullfrog skeleton (D:9)
  A gnoll shaman (D:8)
  2 iguanas (D:7)
  Terence (D:2)
  24 orc wizards
  4 worker ants
  5 ogre zombies (D:9)
  A small abomination (Abyss:1)
  A hound skeleton (D:4)
  Robin (D:3)
  7 gnolls
  8 adders
  A shadow imp (D:6)
  4 oozes
  2 adder skeletons
  3 worms
  2 dart slugs (D:2)
  4 leopard geckos
  49 orcs
  9 bats
  7 giant cockroaches
  12 goblins
  14 hobgoblins
  5 quokkas
  3 ball pythons
  3 frilled lizards
  4 goblin zombies (D:9)
  2 hobgoblin skeletons (D:9)
  2 kobolds
  A leopard gecko skeleton (D:4)
  An orc skeleton (D:9)
  18 orc zombies (D:9)
  7 rats
310 creatures vanquished.

Notes
Turn   | Place    | Note
-------+----------+-------------------------------------------
     0 | D:1      | Majang the Minotaur Fighter began the quest for the Orb.
     0 | D:1      | Reached XP level 1. HP: 19/19 MP: 0/0
     2 | D:1      | Noticed a merfolk
     4 | D:1      | Noticed a demonspawn
     4 | D:1      | Noticed an octopode
     6 | D:1      | Noticed a troll
     6 | D:1      | Noticed a vampire
     8 | D:1      | Noticed a draconian
     8 | D:1      | Noticed a dwarf
    10 | D:1      | Noticed an elf
    10 | D:1      | Noticed a gargoyle
    12 | D:1      | Noticed a halfling
    12 | D:1      | Noticed a spriggan
    14 | D:1      | Noticed a naga
    14 | D:1      | Noticed a felid
    16 | D:1      | Noticed an ogre
    18 | D:1      | Noticed a minotaur
    18 | D:1      | Noticed a demigod
    26 | D:1      | Noticed a vine stalker
    26 | D:1      | Noticed a human
    28 | D:1      | Noticed a formicid
    30 | D:1      | Noticed a tengu
    37 | D:1      | Noticed a centaur
    37 | D:1      | Noticed a ghoul
   274 | D:1      | Reached XP level 2. HP: 27/27 MP: 1/1
   328 | D:1      | Reached skill level 3 in Axes
   586 | D:2      | Reached XP level 3. HP: 32/34 MP: 2/2
   936 | D:2      | Noticed Terence
   943 | D:2      | Killed Terence
   943 | D:2      | Reached skill level 4 in Axes
   943 | D:2      | Reached XP level 4. HP: 32/41 MP: 3/3
  1045 | D:2      | Reached skill level 5 in Fighting
  1069 | D:2      | Found a radiant altar of Vehumet.
  1353 | D:3      | Noticed a bullfrog
  1365 | D:2      | Killed a bullfrog
  1365 | D:2      | Reached XP level 5. HP: 31/48 MP: 4/4
  1741 | D:3      | Found an opulent altar of Gozag.
  1754 | D:3      | Noticed Robin
  1779 | D:3      | Reached skill level 5 in Axes
  1811 | D:3      | Killed Robin
  2203 | D:3      | Reached XP level 6. HP: 52/57 MP: 5/5
  2278 | D:4      | Reached skill level 1 in Throwing
  2278 | D:4      | Reached skill level 1 in Dodging
  2403 | D:4      | Reached skill level 6 in Axes
  2487 | D:4      | Reached XP level 7. HP: 60/64 MP: 6/6
  2829 | D:4      | Found a runed translucent door.
  2833 | D:4      | Noticed hemabe's ghost (novice HuAr)
  2879 | D:4      | Killed hemabe's ghost
  2879 | D:4      | Reached skill level 7 in Axes
  2879 | D:4      | Reached skill level 5 in Armour
  2879 | D:4      | Reached skill level 5 in Shields
  2879 | D:4      | Reached XP level 8. HP: 24/73 MP: 7/7
  3442 | D:4      | Found a staircase to the Ecumenical Temple.
  3450 | Temple   | Entered the Ecumenical Temple
  3674 | D:4      | Noticed Dowan
  3695 | D:4      | Noticed Duvessa
  3704 | D:4      | Killed Duvessa
  3718 | D:4      | Killed Dowan
  4015 | D:5      | Entered Level 5 of the Dungeon
  4082 | D:5      | Reached skill level 8 in Axes
  4102 | D:5      | Found Ciaxyroi's Weapon Emporium.
  4676 | D:6      | Found Jasum's Weapon Boutique.
  4682 | D:6      | Bought 8 atropa-tipped darts for 62 gold pieces
  4747 | D:6      | Found a glowing silver altar of Zin.
  4748 | D:6      | Found Zin's Purification Station.
  4799 | D:6      | Found a shimmering altar of Xom.
  4803 | D:6      | Found a burning altar of Makhleb.
  4803 | D:6      | Found a white marble altar of Elyvilon.
  4803 | D:6      | Found a sacrificial altar of Ru.
  4803 | D:6      | Found a shattered altar of Ashenzari.
  4805 | D:6      | Found a hide-covered altar of Uskayaw.
  4806 | D:6      | Found a hazy altar of Hepliaklqana.
  4807 | D:6      | Found a blossoming altar of Fedhas.
  4811 | D:6      | Became a worshipper of Makhleb the Destroyer
  4982 | D:6      | Reached XP level 9. HP: 78/80 MP: 8/8
  5200 | D:6      | Upgraded the game from 0.24-a0-458-gfcb5e6da0e to
                  | 0.24-a0-459-g225fefd530
  5275 | D:7      | Found Akeruege's Antique Armour Shoppe.
  5278 | D:7      | Bought a pair of embroidered boots for 150 gold pieces
  5373 | D:7      | Reached skill level 1 in Invocations
  5414 | D:7      | Reached * piety under Makhleb
  5517 | D:7      | Reached skill level 9 in Axes
  5549 | D:7      | Noticed Harold
  5551 | D:7      | Paralysed by Harold for 2 turns
  5571 | D:7      | Killed Harold
  5859 | D:8      | Reached skill level 5 in Dodging
  6105 | D:8      | Noticed Erica
  6107 | D:8      | Reached XP level 10. HP: 90/90 MP: 11/11
  6165 | D:7      | Reached ** piety under Makhleb
  6182 | D:7      | Reached skill level 10 in Axes
  6225 | D:7      | Killed Erica
  6350 | D:7      | Reached skill level 5 in Throwing
  6842 | D:9      | Found a staircase to the Orcish Mines.
  6963 | D:9      | Reached *** piety under Makhleb
  7151 | D:9      | Reached skill level 11 in Axes
  7503 | D:9      | Noticed Joseph
  7529 | D:9      | Killed Joseph
  7883 | D:9      | Reached XP level 11. HP: 97/97 MP: 11/13
  8195 | Orc:1    | Entered Level 1 of the Orcish Mines
  8198 | Orc:1    | Noticed an orc sorcerer
  8199 | Orc:1    | Paralysed by an orc sorcerer for 5 turns
  8212 | D:9      | Killed an orc sorcerer
  8558 | Orc:1    | Noticed an orc knight
  8755 | D:9      | Killed an orc knight
  9477 | Orc:2    | Entered Level 2 of the Orcish Mines
  9746 | Orc:2    | Reached **** piety under Makhleb
  9804 | Orc:2    | Found Dukk's General Store.
 10065 | Orc:2    | Found a staircase to the Elven Halls.
 10283 | Orc:2    | Noticed Sonja
 10495 | Orc:2    | Cast into level 1 of the Abyss (Sonja)
 10597 | Abyss:1  | HP: 3/97 [something (4)]
 10600 | Abyss:1  | Slain by an unseen horror

Levels and vault maps discovered:
D:1:      kb_arrival_jail, layout_rooms, hangedman_feature_mirror
D:2:      minmay_general_purpose_star, layout_loops_ring, vehumet_crystals,
          uniq_terence
D:3:      layout_basic, grunt_gozag_statues, first_ration, grunt_ministairs_1,
          uniq_robin
D:4:      layout_loops_cross, temple_fountains, ebering_ghost_sewer_d,
          uniq_duvessa
D:5:      layout_basic, serial_shops, shop
D:6:      layout_cave_pools, zin_purify, minitemple, serial_shops, shop
D:7:      layout_cave_pools, serial_shops, kennysheep_mini, uniq_harold
D:8:      layout_gridville, uniq_erica
D:9:      layout_basic, zombieorc2_lemuel, uniq_joseph
Temple:   minmay_temple_curvy_loop
Orc:1:    layout_caves
Orc:2:    pf_orc_diabolical, layout_caves, serial_shops, shop, uniq_sonja
Abyss:1

Skill      XL: |  1  2  3  4  5  6  7  8  9 10 11 |
---------------+----------------------------------+-----
Fighting       | 4 5 6 7 8 9 |  9.6
Axes           | 3 4 5 6 7 8 9 11 | 11.7
Throwing       | 1 2 3 4 5 6 |  6.1
Dodging        | 1 2 3 5 6 |  6.7
Armour         | 4 5 6 7 8 |  8.4
Shields        | 4 5 7 8 |  8.5
Invocations    | 2 4 |  4.8

Action                   |  1- 3 |  4- 6 |  7- 9 | 10-12 || total
-------------------------+-------+-------+-------+-------++-------
Melee: War axe           |    71 |   138 |   283 |   250 ||   742
       Headbutt          |    11 |    18 |    49 |   103 ||   181
       Broad axe         |       |       |       |   141 ||   141
Throw: Stone             |    40 |    57 |    40 |       ||   137
       Boomerang         |       |       |    48 |    70 ||   118
       Dart              |       |       |     2 |     5 ||     7
       Throwing net      |       |       |     1 |       ||     1
Invok: Minor Destruction |       |       |       |   114 ||   114
       Major Destruction |       |       |       |     2 ||     2
  Use: Potion            |     1 |       |     4 |     5 ||    10
       Scroll            |       |       |     8 |     8 ||    16
  Eat: Chunk             |       |     5 |    12 |    17 ||    34
       Ration            |       |       |       |     1 ||     1
Armor: Scale mail        |    27 |       |       |       ||    27
       Chain mail        |       |    72 |   102 |   122 ||   296
       Plate armour      |       |       |       |    52 ||    52
       Skin              |       |       |       |     5 ||     5
Dodge: Dodged            |    24 |    28 |    78 |   131 ||   261
Block: Shield            |    30 |    51 |   151 |   211 ||   443

Table legend:
 A = Non-vault XP
 B = Vault XP
 C = Vault XP percentage of total XP
 D = Non-vault monster count
 E = Vault monster count
 F = Vault count percentage of total count
                 A         B        C        D         E       F
            +---------+---------+-------+---------+---------+-------
      Total |   11026 |    4804 |  30.3 |     239 |      71 |  22.9
            +---------+---------+-------+---------+---------+-------
        D:1 |      23 |       3 |  11.5 |       9 |       2 |  18.2
        D:2 |      45 |     142 |  75.9 |      18 |       8 |  30.8
        D:3 |     368 |      34 |   8.5 |      29 |      11 |  27.5
        D:4 |     688 |     895 |  56.5 |      23 |       5 |  17.9
        D:5 |     295 |       0 |   0.0 |      13 |       0 |   0.0
        D:6 |     370 |       0 |   0.0 |       8 |       0 |   0.0
        D:7 |    1731 |    1899 |  52.3 |      41 |       2 |   4.7
        D:8 |    1309 |       0 |   0.0 |      18 |       0 |   0.0
        D:9 |    3174 |    1435 |  31.1 |      32 |      37 |  53.6
      Orc:1 |    1285 |     133 |   9.4 |      23 |       1 |   4.2
      Orc:2 |     891 |     263 |  22.8 |      22 |       5 |  18.5
    Abyss:1 |     847 |       0 |   0.0 |       3 |       0 |   0.0
            +---------+---------+-------+---------+---------+-------
